TOP OF THE 1ST |
Tortolita Drummers batting - Pitching for Milton Dogfish Head : RHP Greg Rook
|
Pitching: RHP Greg Rook
|
|
Batting: RHB Lu-fang Koo
|
0-0: Ball 1-0: Ball 2-0: Ball 3-0: Called Strike 3-1: Base on Balls
|
Batting: RHB Ricardo Pacheco
|
0-0: Ball 1-0: Foul Ball, location: 2F 1-1: Ball 2-1: Ball 3-1: Base on Balls Lu-fang Koo to second
|
Batting: RHB Alan Elder
|
0-0: Fly out, F7 (Flyball, 7S)
|
Pitching: RHP Craig Whitney
|
|
Batting: LHB Glen Allen Mixon
|
0-0: Ball 1-0: Called Strike 1-1: Ball 2-1: DOUBLE (Flyball, 78D) Lu-fang Koo scores Ricardo Pacheco to third
|
Batting: RHB Dave Sienna
|
0-0: Called Strike 0-1: Foul Ball, location: 2F 0-2: Ball 1-2: Strikes out swinging
|
Batting: LHB Steve Costillo
|
0-0: Foul Ball, location: 2F 0-1: Ball 1-1: Foul Ball, location: 2F 1-2: Ball 2-2: Ball 3-2: Ground out U3 (Groundball, 34)
|
Top of the 1st over - 1 run, 1 hit, 0 errors, 2 left on base; Tortolita 1 - Milton 0 |
BOTTOM OF THE 1ST |
Milton Dogfish Head batting - Pitching for Tortolita Drummers : RHP Jorge Castillo
|
Pitching: RHP Jorge Castillo
|
|
Batting: LHB Jordan Westacott
|
0-0: Ball 1-0: Foul Ball, location: 2F 1-1: Ball 2-1: Foul Ball, location: 2F 2-2: Ball 3-2: Base on Balls
|
Batting: SHB Juan Carlos Santos
|
0-0: Ball Jordan Westacott steals 2nd base 1-0: Ball Jordan Westacott steals 3rd base 2-0: Ball 3-0: Called Strike 3-1: Base on Balls
|
Batting: LHB Jack Sutherland
|
0-0: Called Strike 0-1: SINGLE (Groundball, 34D) Jordan Westacott scores Juan Carlos Santos to second Runner from 2nd tries for 3rd, SAFE, no throw
|
Batting: RHB Enrique Rocha
|
0-0: Ball 1-0: Called Strike 1-1: Foul Ball, location: 2F 1-2: Foul Ball, location: 2F 1-2: Ball 2-2: Strikes out swinging
|
Pitching: LHP Paul Díaz
|
|
Batting: RHB Tak-hing Huang
|
0-0: Ball Pickoff Throw to First - Out! 1-0: Foul Ball, location: 2F 1-1: Hit by Pitch
|
Batting: RHB Yves Girard
|
0-0: Ball 1-0: Fielders Choice at 2nd, 6-4 (Groundball, 6D)
|
Bottom of the 1st over - 1 run, 1 hit, 0 errors, 2 left on base; Tortolita 1 - Milton 1 |
TOP OF THE 2ND |
Tortolita Drummers batting - Pitching for Milton Dogfish Head : RHP Craig Whitney
|
Batting: RHB Orlando Montoya
|
0-0: Called Strike 0-1: Ball 1-1: Fly out, F8 (Flyball, 8LS)
|
Batting: RHB Vincent Klein
|
0-0: Fly out, F7 (Flyball, 7S)
|
Batting: RHB Iván Chacón
|
0-0: Ball 1-0: Ground out 6-3 (Groundball, 6)
|
Top of the 2nd over - 0 runs, 0 hits, 0 errors, 0 left on base; Tortolita 1 - Milton 1 |
BOTTOM OF THE 2ND |
Milton Dogfish Head batting - Pitching for Tortolita Drummers : LHP Paul Díaz
|
Batting: RHB Lorenzo Rosas
|
0-0: Ball 1-0: Ball 2-0: SINGLE (Groundball, 6D)
|
Batting: RHB Ed Lastinger
|
0-0: Called Strike 0-1: Ball 1-1: Ball 2-1: Foul Ball, location: 2F 2-2: Foul Ball, location: 2F 2-2: Strikes out swinging
|
Batting: SHB Shoin Takuda
|
0-0: Ball 1-0: Ball 2-0: Foul Ball, location: 2F 2-1: Ball 3-1: Called Strike 3-2: Foul Ball, location: 2F 3-2: Strikes out swinging
|
Batting: LHB Jordan Westacott
|
0-0: Ball 1-0: Ground out 1-3 (Groundball, 13)
|
Bottom of the 2nd over - 0 runs, 1 hit, 0 errors, 1 left on base; Tortolita 1 - Milton 1 |
TOP OF THE 3RD |
Tortolita Drummers batting - Pitching for Milton Dogfish Head : RHP Craig Whitney
|
Batting: RHB Lu-fang Koo
|
0-0: Ball 1-0: Foul Ball, location: 2F 1-1: Ball 2-1: Ball 3-1: Called Strike 3-2: Base on Balls
|
Batting: RHB Ricardo Pacheco
|
0-0: Ball 1-0: Ball 2-0: Ball 3-0: Base on Balls Lu-fang Koo to second
|
Batting: RHB Alan Elder
|
0-0: Ball 1-0: Ball 2-0: Ball 3-0: Base on Balls Lu-fang Koo to third Ricardo Pacheco to second
|
Batting: LHB Glen Allen Mixon
|
0-0: Ball 1-0: Grounds into double play, 3-2-3 (Groundball, 34S) Ricardo Pacheco to third Alan Elder to second
|
Pitching: RHP Ronaldo Matos
|
|
Batting: RHB Dave Sienna
|
0-0: Ball 1-0: Called Strike 1-1: Ball 2-1: Foul Ball, location: 2F 2-2: Foul Ball, location: 2F 2-2: Ball 3-2: SINGLE (Line Drive, 4MD) Ricardo Pacheco scores Alan Elder to third Alan Elder scores
|
Batting: LHB Steve Costillo
|
0-0: Foul Ball, location: 2F 0-1: Foul Ball, location: 2F 0-2: Ball 1-2: Fly out, F4 (Line Drive, 4)
|
Top of the 3rd over - 2 runs, 1 hit, 0 errors, 1 left on base; Tortolita 3 - Milton 1 |
BOTTOM OF THE 3RD |
Milton Dogfish Head batting - Pitching for Tortolita Drummers : LHP Paul Díaz
|
Batting: SHB Juan Carlos Santos
|
0-0: Ball 1-0: Ball 2-0: Foul Ball, location: 2F 2-1: DOUBLE (Line Drive, 78D)
|
Batting: LHB Jack Sutherland
|
0-0: Fly out, F9 (Flyball, 9D) Runner from 2nd tags up, SAFE at 3rd, no throw
|
Batting: RHB Enrique Rocha
|
0-0: Called Strike 0-1: Fly out, F8 (Flyball, 8RM) Runner from 3rd tags up, SCORES, throw made
|
Batting: RHB Tak-hing Huang
|
0-0: Fly out, F9 (Line Drive, 9)
|
Bottom of the 3rd over - 1 run, 1 hit, 0 errors, 0 left on base; Tortolita 3 - Milton 2 |
TOP OF THE 4TH |
Tortolita Drummers batting - Pitching for Milton Dogfish Head : RHP Ronaldo Matos
|
Batting: RHB Orlando Montoya
|
0-0: Called Strike 0-1: Called Strike 0-2: Ball 1-2: SINGLE (Groundball, 6MD)
|
Batting: RHB Vincent Klein
|
0-0: Fly out, F8 (Flyball, 8LS)
|
Batting: RHB Iván Chacón
|
0-0: Ball 1-0: SINGLE (Line Drive, 34) Orlando Montoya to second
|
Batting: RHB Lu-fang Koo
|
0-0: Foul Ball, location: 2F 0-1: Foul Ball, location: 2F 0-2: Ball 1-2: Reached on error, E6 (Groundball, 6) Orlando Montoya to third Iván Chacón to second
|
Batting: RHB Ricardo Pacheco
|
0-0: Called Strike 0-1: SINGLE (Line Drive, 34D) Orlando Montoya scores Iván Chacón to third Lu-fang Koo to second Runner from 3rd tries for Home, SAFE, no throw
|
Batting: RHB Alan Elder
|
0-0: Called Strike Error on foul ball, E5 0-2: Foul Ball, location: 2F 0-2: Ball 1-2: Fly out, F9 (Flyball, 89XD) Runner from 2nd tags up, SAFE at 3rd, no throw
|
Batting: LHB Glen Allen Mixon
|
0-0: Called Strike 0-1: SINGLE (Flyball, 89M) Lu-fang Koo scores Ricardo Pacheco to second Runner from 2nd tries for 3rd, SAFE, no throw
|
Batting: RHB Dave Sienna
|
0-0: Ball 1-0: Foul Ball, location: 2F 1-1: Ball 2-1: Called Strike 2-2: Foul Ball, location: 2F 2-2: Ball 3-2: Ground out 6-3 (Groundball, 6)
|
Top of the 4th over - 3 runs, 4 hits, 2 errors, 2 left on base; Tortolita 6 - Milton 2 |
BOTTOM OF THE 4TH |
Milton Dogfish Head batting - Pitching for Tortolita Drummers : LHP Paul Díaz
|
Batting: RHB Yves Girard
|
0-0: Called Strike 0-1: SINGLE (Line Drive, 8RM)
|
Batting: RHB Lorenzo Rosas
|
0-0: Ball Yves Girard steals 2nd base 1-0: Ball 2-0: Ball 3-0: Base on Balls
|
Batting: RHB Ed Lastinger
|
0-0: Swinging Strike 0-1: Ball 1-1: Ball 2-1: Ball 3-1: SINGLE (Groundball, 6D) Yves Girard to third Lorenzo Rosas to second Runner from 3rd tries for Home, SAFE, no throw
|
Batting: SHB Shoin Takuda
|
0-0: Called Strike 0-1: Ball 1-1: Fly out, F9 (Flyball, 9)
|
Batting: LHB Jordan Westacott
|
0-0: Ball 1-0: Ball 2-0: Called Strike 2-1: Fielders Choice at 2nd, 4-6 (Groundball, 4) Lorenzo Rosas to third
|
Batting: SHB Juan Carlos Santos
|
0-0: Ball 1-0: Ball 2-0: Ball 3-0: Called Strike 3-1: Foul Ball, location: 2F 3-2: Foul Ball, location: 2F 3-2: SINGLE (Line Drive, 4M) Lorenzo Rosas scores Jordan Westacott to second Jordan Westacott to third
|
Batting: LHB Jack Sutherland
|
0-0: Called Strike 0-1: Fly out, F7 (Flyball, 7S)
|
Bottom of the 4th over - 2 runs, 3 hits, 0 errors, 2 left on base; Tortolita 6 - Milton 4 |
TOP OF THE 5TH |
Tortolita Drummers batting - Pitching for Milton Dogfish Head : RHP Ronaldo Matos
|
Batting: LHB Steve Costillo
|
0-0: Ball 1-0: Foul Ball, location: 2F 1-1: Ball 2-1: SINGLE (Groundball, 56) (infield hit)
|
Pitching: RHP Jacob Broome
|
|
Batting: RHB Orlando Montoya
|
0-0: Sac Bunt - play at first, batter safe! Steve Costillo to second
|
Batting: RHB Vincent Klein
|
0-0: Ball 1-0: Foul Ball, location: 2F 1-1: Foul Ball, location: 2F 1-2: Fly out, F7 (Flyball, 78D)
|
Batting: RHB Iván Chacón
|
0-0: Called Strike 0-1: SINGLE (Flyball, 7S) Steve Costillo to third Orlando Montoya to second
|
Batting: RHB Lu-fang Koo
|
0-0: Ball 1-0: Called Strike 1-1: Ball 2-1: Swinging Strike 2-2: Ball 3-2: Base on Balls Steve Costillo scores Orlando Montoya to third Iván Chacón to second
|
Batting: RHB Ricardo Pacheco
|
0-0: Ball 1-0: Ball 2-0: Ball 3-0: Base on Balls Orlando Montoya scores Iván Chacón to third Lu-fang Koo to second
|
Batting: RHB Alan Elder
|
0-0: Called Strike 0-1: Ball 1-1: Ball 2-1: Foul Ball, location: 2F 2-2: Foul Ball, location: 2F 2-2: Strikes out swinging
|
Batting: LHB Glen Allen Mixon
|
0-0: Called Strike 0-1: Ball 1-1: Fielders Choice at 2nd, 5-4 (Groundball, 56)
|
Top of the 5th over - 2 runs, 3 hits, 0 errors, 3 left on base; Tortolita 8 - Milton 4 |
BOTTOM OF THE 5TH |
Milton Dogfish Head batting - Pitching for Tortolita Drummers : LHP Paul Díaz
|
Batting: RHB Enrique Rocha
|
0-0: Called Strike 0-1: Swinging Strike 0-2: Ball 1-2: Ball 2-2: Ball 3-2: Foul Ball, location: 2F 3-2: SOLO HOME RUN (Flyball, 9D), Distance : 377 ft
|
Batting: RHB Tak-hing Huang
|
0-0: Called Strike 0-1: Ball 1-1: Ball 2-1: SINGLE (Flyball, 8RS)
|
Pitching: RHP Darius Baxa
|
|
Batting: RHB Yves Girard
|
0-0: Sac Bunt - play at first, batter OUT! 1-3 Tak-hing Huang to second
|
Batting: RHB Lorenzo Rosas
|
0-0: Called Strike 0-1: Fly out, F9 (Line Drive, 9)
|
Batting: RHB Ed Lastinger
|
0-0: Swinging Strike 0-1: SINGLE (Groundball, 56D) Tak-hing Huang to third Runner from 3rd tries for Home, SAFE, throw made home Ed Lastinger to second
|
Batting: SHB Shoin Takuda
|
0-0: Called Strike 0-1: Ball 1-1: Swinging Strike 1-2: Strikes out swinging
|
Bottom of the 5th over - 2 runs, 3 hits, 0 errors, 1 left on base; Tortolita 8 - Milton 6 |
TOP OF THE 6TH |
Tortolita Drummers batting - Pitching for Milton Dogfish Head : RHP Jacob Broome
|
Batting: RHB Dave Sienna
|
0-0: Called Strike 0-1: Swinging Strike 0-2: Strikes out swinging
|
Batting: LHB Steve Costillo
|
0-0: Foul Ball, location: 2F 0-1: Foul Ball, location: 2F 0-2: Ball 1-2: Foul Ball, location: 2F 1-2: SINGLE (Line Drive, 78M)
|
Pitching: LHP Mario Hurrado
|
|
Batting: RHB Orlando Montoya
|
0-0: Ball 1-0: Grounds into double play, 6-4-3 (Groundball, 6)
|
Top of the 6th over - 0 runs, 1 hit, 0 errors, 0 left on base; Tortolita 8 - Milton 6 |
BOTTOM OF THE 6TH |
Milton Dogfish Head batting - Pitching for Tortolita Drummers : RHP Darius Baxa
|
Batting: LHB Jordan Westacott
|
0-0: Ground out 4-3 (Groundball, 4)
|
Batting: SHB Juan Carlos Santos
|
0-0: Ball 1-0: Ball 2-0: Fly out, F8 (Flyball, 78D)
|
Batting: LHB Jack Sutherland
|
0-0: SINGLE (Groundball, 25) (infield hit)
|
Batting: RHB Enrique Rocha
|
0-0: Foul Ball, location: 2F 0-1: Fielders Choice at 2nd, 5-4 (Groundball, 5)
|
Bottom of the 6th over - 0 runs, 1 hit, 0 errors, 1 left on base; Tortolita 8 - Milton 6 |
TOP OF THE 7TH |
Tortolita Drummers batting - Pitching for Milton Dogfish Head : LHP Mario Hurrado
|
Batting: RHB Vincent Klein
|
0-0: Ball 1-0: Ground out 1-3 (Groundball, P)
|
Batting: RHB Iván Chacón
|
0-0: Hit by Pitch
|
Batting: RHB Lu-fang Koo
|
0-0: Foul Ball, location: 2F 0-1: Swinging Strike 0-2: Strikes out looking
|
Batting: RHB Ricardo Pacheco
|
0-0: Called Strike 0-1: Ball 1-1: Ball 2-1: SINGLE (Line Drive, 9S) Iván Chacón to second
|
Batting: RHB Alan Elder
|
0-0: Called Strike 0-1: SINGLE (Groundball, 6MD) Iván Chacón to third Ricardo Pacheco to second Runner from 3rd tries for Home, SAFE, no throw
|
Batting: LHB Glen Allen Mixon
|
0-0: Called Strike 0-1: TRIPLE (Line Drive, 8LXD) Ricardo Pacheco scores Alan Elder scores
|
Batting: RHB Dave Sienna
|
0-0: Called Strike 0-1: SINGLE (Groundball, 6MD) Glen Allen Mixon scores
|
Pitching: RHP Paris Nowlin
|
|
Batting: LHB Steve Costillo
|
0-0: Ball 1-0: Fielders Choice at 2nd, 6-4 (Groundball, 6)
|
Top of the 7th over - 4 runs, 4 hits, 0 errors, 1 left on base; Tortolita 12 - Milton 6 |
BOTTOM OF THE 7TH |
Milton Dogfish Head batting - Pitching for Tortolita Drummers : RHP Darius Baxa
|
Batting: RHB Tak-hing Huang
|
0-0: Foul Ball, location: 2F 0-1: Called Strike 0-2: Ball 1-2: Ball 2-2: Foul Ball, location: 2F 2-2: Foul Ball, location: 2F 2-2: Strikes out looking
|
Batting: RHB Yves Girard
|
0-0: Hit by Pitch
|
Batting: RHB Lorenzo Rosas
|
0-0: Ball 1-0: Ball 2-0: Fly out, F7 (Flyball, 7LD)
|
Batting: RHB Ed Lastinger
|
0-0: Ball 1-0: Ball 2-0: SINGLE (Line Drive, 6D) Yves Girard to second
|
Batting: SHB Shoin Takuda
|
0-0: Ball 1-0: Foul Ball, location: 2F 1-1: Called Strike 1-2: Fielders Choice at 2nd, 6-4 (Groundball, 6)
|
Bottom of the 7th over - 0 runs, 1 hit, 0 errors, 2 left on base; Tortolita 12 - Milton 6 |
TOP OF THE 8TH |
Tortolita Drummers batting - Pitching for Milton Dogfish Head : RHP Paris Nowlin
|
Batting: RHB Orlando Montoya
|
0-0: Ball 1-0: Foul Ball, location: 2F 1-1: Foul Ball, location: 2F 1-2: SINGLE (Line Drive, 6MD)
|
Pitching: LHP Joe Khokar
|
|
Batting: RHB Vincent Klein
|
0-0: Called Strike 0-1: Grounds into double play, 6-4-3 (Groundball, 6)
|
Batting: RHB Iván Chacón
|
0-0: Swinging Strike 0-1: Ball 1-1: SINGLE (Line Drive, 7S)
|
Batting: RHB Lu-fang Koo
|
0-0: Called Strike 0-1: Foul Ball, location: 2F 0-2: Ball 1-2: Ball 2-2: Ball 3-2: Strikes out swinging
|
Top of the 8th over - 0 runs, 2 hits, 0 errors, 1 left on base; Tortolita 12 - Milton 6 |
BOTTOM OF THE 8TH |
Milton Dogfish Head batting - Pitching for Tortolita Drummers : RHP Darius Baxa
|
Now at C: Eisse Cals
|
|
Now in LF: Santo Alba
|
|
Batting: LHB Jordan Westacott
|
0-0: Ball 1-0: Swinging Strike 1-1: Foul Ball, location: 2F 1-2: Strikes out swinging
|
Batting: SHB Juan Carlos Santos
|
0-0: Ball 1-0: Called Strike 1-1: Foul Ball, location: 2F 1-2: Ball 2-2: Ball 3-2: SOLO HOME RUN (Flyball, 9LD), Distance : 338 ft
|
Batting: LHB Jack Sutherland
|
0-0: Ball 1-0: Called Strike 1-1: Ground out 4-3 (Groundball, 4)
|
Batting: RHB Enrique Rocha
|
0-0: Swinging Strike 0-1: Swinging Strike 0-2: Fly out, F4 (Popup, 4S)
|
Bottom of the 8th over - 1 run, 1 hit, 0 errors, 0 left on base; Tortolita 12 - Milton 7 |
TOP OF THE 9TH |
Tortolita Drummers batting - Pitching for Milton Dogfish Head : LHP Joe Khokar
|
Batting: RHB Ricardo Pacheco
|
0-0: Fly out, F9 (Flyball, 89D)
|
Batting: RHB Alan Elder
|
0-0: Ball 1-0: Fly out, F8 (Flyball, 8RM)
|
Batting: LHB Glen Allen Mixon
|
0-0: Ball 1-0: Swinging Strike 1-1: SINGLE (Line Drive, 4M)
|
Batting: RHB Dave Sienna
|
0-0: Foul Ball, location: 2F 0-1: SINGLE (Flyball, 8LS) Glen Allen Mixon to second
|
Batting: LHB Steve Costillo
|
0-0: Ball 1-0: Called Strike 1-1: Called Strike 1-2: Foul Ball, location: 2F 1-2: Strikes out swinging
|
Top of the 9th over - 0 runs, 2 hits, 0 errors, 2 left on base; Tortolita 12 - Milton 7 |
BOTTOM OF THE 9TH |
Milton Dogfish Head batting - Pitching for Tortolita Drummers : RHP Darius Baxa
|
Batting: RHB Tak-hing Huang
|
0-0: Foul Ball, location: 2F 0-1: Called Strike 0-2: Strikes out looking
|
Batting: RHB Yves Girard
|
0-0: Fly out, F9 (Flyball, 9S)
|
Batting: RHB Lorenzo Rosas
|
0-0: Ball 1-0: Swinging Strike 1-1: Foul Ball, location: 2F 1-2: Ball 2-2: Foul Ball, location: 2F 2-2: Foul Ball, location: 2F 2-2: Ball 3-2: Foul Ball, location: 2F 3-2: Foul Ball, location: 2F 3-2: Fly out, F2 (Popup, 2RF)
|
Bottom of the 9th over - 0 runs, 0 hits, 0 errors, 0 left on base; Tortolita 12 - Milton 7 |
|